 Dungeon Crawl Stone Soup version 0.23.2 (webtiles) character file.

Game seed: 4591280385988788724

58 KOK29364 the Skirmisher (level 4, -3/29 HPs)
             Began as a Gargoyle Monk on Apr 8, 2019.
             Slain by Crazy Yiuf
             ... wielding a +4 quarterstaff of chaos
              (4 damage)
             ... on level 2 of the Dungeon.
             The game lasted 00:09:39 (2057 turns).

KOK29364 the Skirmisher (Gargoyle Monk)             Turns: 2057, Time: 00:09:40

Health: -3/29      AC:  9    Str: 16    XL:     4   Next: 1%
Magic:  4/4        EV: 10    Int: 10    God:
Gold:   72         SH:  0    Dex: 12    Spells: 3/3 levels left

rFire    . . .     SeeInvis .   a - +1 spear
rCold    . . .     Gourm    .   (no shield)
rNeg     + . .     Faith    .   k - +0 scale mail (curse)
rPois    ∞         Spirit   .   (no helmet)
rElec    +         Reflect  .   (no cloak)
rCorr    .         Harm     .   (no gloves)
MR       .....                  (no boots)
Stlth    +.........             (no amulet)
HPRegen  0.09/turn              (no ring)
MPRegen  0.09/turn              (no ring)

@: slowed, very slow
A: negative energy resistance 1, electricity resistance, unbreathing,
petrification resistance, rot immunity, AC +3
a: no special abilities


You were on level 2 of the Dungeon.
You were not hungry.

You visited 1 branch of the dungeon, and saw 2 of its levels.

You collected 72 gold pieces.

Inventory:

Hand Weapons
 a - a +1 spear (weapon)
 b - a +0 dagger
 g - a +0 hunting sling
 o - a +0 war axe
 r - a +0 mace
Missiles
 d - 81 stones (quivered)
 f - 47 arrows
 q - 16 bolts
Armour
 h - a +0 ring mail
 j - a +0 chain mail
 k - a cursed +0 scale mail (worn)
 m - a +0 ring mail
Potions
 e - a potion of ambrosia
 i - a potion of lignification {unknown}
 l - a potion of invisibility {unknown}
 n - 2 potions of heal wounds {unknown}
 p - a potion of might {unknown}
Comestibles
 c - 3 rations


   Skills:
 + Level 3.8 Fighting
 + Level 0.4 Short Blades
 + Level 3.2 Polearms
 + Level 0.5 Armour
 + Level 2.9 Dodging
 + Level 2.3 Stealth


You had 3 spell levels left.
You didn't know any spells.
Your spell library was empty.

Dungeon Overview and Level Annotations

Branches:
Dungeon (2/15)

Altars:

Annotations:
D:2 Crazy Yiuf


Innate Abilities, Weirdness & Mutations

You are resistant to torment.
Your stone body is resilient. (AC +3)
You are immune to poison.
You resist negative energy. (rN+)
You are resistant to electric shocks. (rElec)
You can survive without breathing.
You are immune to petrification.
You are immune to rotting.


Message History

Crazy Yiuf hits you with a +4 quarterstaff of chaos!
You barely miss Crazy Yiuf.
Crazy Yiuf is severely wounded.
Crazy Yiuf hits you with a +4 quarterstaff of chaos!
* * * LOW HITPOINT WARNING * * *
You feel yourself slow down.
You hit Crazy Yiuf.
Crazy Yiuf is severely wounded.
Crazy Yiuf closely misses you.
You hit Crazy Yiuf.
Crazy Yiuf is almost dead.
Crazy Yiuf twirls on the spot.
Crazy Yiuf hits you with a +4 quarterstaff of chaos!
* * * LOW HITPOINT WARNING * * *
You hit Crazy Yiuf but do no damage.
Crazy Yiuf is almost dead.
Crazy Yiuf barely misses you.
Crazy Yiuf cries, "Sif Muna song sizzlefizz!"
Crazy Yiuf hits you with a +4 quarterstaff of chaos.
You die...

##########
..#......# #
#.#.###### .. ..#.##
♣♣♣♣♣### .# .....#
### ♣♣♣.♣....####.#
.....###
#...#♣..♣..........#
.......#
#...g@♣♣♣♣......##
.......# #)..#♣♣
♣♣.....# .......###
### ♣♣###.#
##.......# #..#
##....#### #.##
......# ####.#
####### #####.##.#
#.....##.# # #######
#.######.###.###


You could see Crazy Yiuf.

Vanquished Creatures
  3 adders (D:2)
  A dart slug (D:1)
  A leopard gecko (D:1)
  5 hobgoblins
  3 jackals (D:2)
  2 kobolds (D:1)
  A ball python (D:2)
  4 bats
  A frilled lizard (D:2)
  6 goblins
  A rat (D:1)
28 creatures vanquished.

Notes
Turn   | Place    | Note
-------+----------+-------------------------------------------
     0 | D:1      | KOK29364 the Gargoyle Monk began the quest for the Orb.
     0 | D:1      | Reached XP level 1. HP: 14/14 MP: 1/1
   711 | D:1      | Reached XP level 2. HP: 19/19 MP: 2/2
  1423 | D:2      | Reached XP level 3. HP: 23/23 MP: 3/3
  1968 | D:2      | Reached XP level 4. HP: 29/29 MP: 4/4
  2047 | D:2      | Found a runed translucent door.
  2048 | D:2      | Noticed Crazy Yiuf
  2056 | D:2      | HP: 1/29 [Crazy Yiuf/+4 quarterstaff of chaos (8)]
  2057 | D:2      | Slain by Crazy Yiuf

Skill      XL: |  1  2 |
---------------+-------+-----
Polearms       | 3 |  3.2
Fighting       | |  3.8
Short Blades   | |  0.4
Armour         | |  0.5
Dodging        | |  2.9
Stealth        | |  2.3

Action                   |  1- 3 |  4- 6 || total
-------------------------+-------+-------++-------
Melee: Spear             |    76 |     7 ||    83
       Dagger            |    40 |       ||    40
  Use: Scroll            |     6 |       ||     6
 Stab: Sleeping          |     1 |       ||     1
  Eat: Ration            |     1 |       ||     1
Armor: Robe              |     8 |       ||     8
       Chain mail        |    10 |       ||    10
       Ring mail         |    44 |       ||    44
       Scale mail        |     7 |       ||     7
Dodge: Dodged            |    71 |     3 ||    74
